AoeStats
← HeKKerZ3175

Golden Pit

509336850Analyzed
1v1 RM · 4d ago on Sep 26, 2026· 87m 1s· 2 players
Game mode
Random Map
Map size
Tiny (2 player)
Population
200
Speed
Normal
Resources
Standard
Victory
Conquest
Starting age
Dark Age
Ending age
Imperial Age
RankedLock teamsTeams togetherTeam positionsShared explorationLock speedFull tech treeHidden civsTurbo modeCheats
Victory
Defeat
🇬🇧 Saxons · United Kingdom
607
+17
🇺🇸 Celts · United States
628
-17
HeKKerZ3175
11:23 Feudal Age
9:39 Loom
16:29 Castle Age
15:51 Double-Bit Axe
16:22 Horse Collar
19:09 Wheelbarrow
22:05 Fletching
22:16 Scale Mail Armor
30:01 Hand Cart
29:33 Town Watch
33:38 Imperial Age
31:31 Guard Tower
32:02 Ballistics
32:15 Bow Saw
32:09 Heavy Plow
33:11 Bodkin Arrow
33:32 Chain Mail Armor
33:29 Forging
35:33 Chemistry
35:22 Keep
34:34 Arrowslits
35:47 Town Patrol
36:56 Block Printing
37:04 Sanctity
36:54 Redemption
37:15 Conscription
36:16 Clerical Recruitment
38:26 Squires
38:16 Gambesons
37:56 Elite Varangian Guard
39:54 Arson
43:48 Two-Man Saw
44:06 Plate Mail Armor
43:37 Bracer
44:13 Iron Casting
43:39 Padded Archer Armor
45:16 Shield Wall
46:33 Hoardings
47:14 Sappers
48:26 Pikeman
49:07 Capped Ram
49:31 Elite Hearth Troop
50:53 Siege Ram
64:04 Stone Mining
64:05 Gold Mining
72:24 Masonry
72:10 Murder Holes
85:55 Siege Engineers
86:01 Fortified Wall
rusty_shackleford
9:34 Loom
11:19 Feudal Age
13:10 Double-Bit Axe
14:18 Man-at-Arms
19:58 Wheelbarrow
19:29 Horse Collar
23:40 Forging
29:01 Castle Age
28:35 Gold Mining
28:35 Stone Mining
30:43 Fletching
31:33 Husbandry
31:38 Scale Mail Armor
31:47 Scale Barding Armor
35:37 Bow Saw
36:05 Gold Shaft Mining
35:15 Pikeman
37:42 Iron Casting
37:07 Bodkin Arrow
37:53 Fervor
40:00 Hand Cart
43:13 Stone Shaft Mining
43:01 Ballistics
42:47 Scale Mail Armor
43:10 Chain Barding Armor
45:41 Imperial Age
44:29 Light Cavalry
44:34 Long Swordsman
46:48 Conscription
46:21 Stronghold
46:42 Capped Ram
47:59 Heavy Scorpion
48:10 Cavalier
51:09 Chemistry
50:27 Masonry
51:10 Furor Celtica
52:12 Siege Engineers
53:13 Blast Furnace
52:15 Padded Archer Armor
59:53 Halberdier
60:03 Two-Handed Swordsman
61:24 Siege Ram
66:59 Elite Skirmisher
70:46 Elite Woad Raider
71:59 Paladin
78:39 Heavy Plow
80:14 Hussar
81:18 Heavy Mounted Crossbowman
84:47 Chain Mail Armor
Connection lost

Rejoining the realm…

Still unreachable

The connection could not be restored.

Session expired

The server has moved on; the page needs a fresh start.